 Dungeon Crawl Stone Soup version 0.21-a0-516-gaaff437 (webtiles) character file.

12105 FlyingDodo the Fighter (level 11, -1/111 HPs)
             Began as a Naga Fighter on Dec 3, 2017.
             Was an Elder of Makhleb.
             Slain by a six-headed hydra (4 damage)
             ... on level 2 of the Lair of Beasts.
             The game lasted 00:26:11 (12943 turns).

FlyingDodo the Fighter (Naga Fighter)              Turns: 12943, Time: 00:26:12

Health: -1/111     AC: 15    Str: 22    XL:     11   Next: 88%
Magic:  12/12      EV:  7    Int:  8    God:    Makhleb [****..]
Gold:   591        SH: 11    Dex: 11    Spells: 10/10 levels left

rFire    . . .     SeeInvis +   j - +0 falchion (flame)
rCold    . . .     Gourm    .   c - +0 shield
rNeg     . . .     Faith    .   i - +0 scale mail
rPois    +         Spirit   .   p - +2 helmet
rElec    .         Reflect  .   d - +2 cloak
rCorr    .         Harm     .   (no gloves)
MR       +....                  (no barding)
Stlth    ..........             G - amulet of regeneration
HPRegen  0.68/turn              (no ring)
MPRegen  0.13/turn              s - ring of wizardry

@: very slow
A: large, see invisible, deformed body, poison resistance, slowness 2, slow
metabolism 1, spit poison 1, AC +3
a: Spit Poison, Minor Destruction, Lesser Servant of Makhleb, Major Destruction,
Renounce Religion


You were on level 2 of the Lair of Beasts.
You worshipped Makhleb.
Makhleb was greatly pleased with you.
You were not hungry.

You visited 2 branches of the dungeon, and saw 12 of its levels.

You collected 591 gold pieces.

Inventory:

Hand Weapons
 a - a +0 flail
 e - a +2 short sword of venom
 j - a +0 falchion of flaming (weapon)
 k - a +1 dagger of draining
 l - a +0 hunting sling
 n - a +0 mace
 t - a +2 dagger of electrocution
 D - a +3 short sword of draining
 J - a +1 falchion of protection
 K - a +1 dagger of electrocution
 L - a +2 falchion of freezing
Missiles
 m - 240 stones (quivered)
 E - 3 curare-tipped needles
Armour
 b - a +0 scale mail
 c - a +0 shield (worn)
 d - a +2 cloak (worn)
 i - a +0 scale mail (worn)
 p - a +2 helmet (worn)
 y - a +0 ring mail of fire resistance
Jewellery
 q - an uncursed ring of teleportation
 s - a ring of wizardry (right hand)
 G - an amulet of regeneration (around neck)
 N - a +3 ring of protection
 O - an uncursed amulet of harm {unknown}
Wands
 x - a wand of digging (10)
 M - a wand of enslavement (8)
Scrolls
 g - 6 scrolls of remove curse
 z - 3 scrolls of magic mapping
 A - a scroll of noise {unknown}
 H - a scroll of amnesia
 P - a scroll of identify
Potions
 o - a potion of resistance
 v - 2 potions of curing
 B - 3 potions of ambrosia
 C - 2 potions of flight
 I - 3 potions of cancellation
Comestibles
 f - 6 bread rations
 r - 6 meat rations
 u - 4 fruits
 w - 10 royal jellies


   Skills:
 + Level 11.0 Fighting
 - Level 6.8(7.0) Short Blades
 + Level 2.2(4.9) Long Blades
 - Level 2.7 Maces & Flails
 - Level 8.1 Armour
 + Level 8.4 Shields
 + Level 1.5 Invocations


You had 10 spell levels left.
You didn't know any spells.

Dungeon Overview and Level Annotations

Branches:
Dungeon (10/15)            Temple (0/1) D:6            Lair (2/6) D:9
  Swamp: Lair:2-4    Shoals: Lair:2-4     Snake: Lair:2-4    Spider: Lair:2-4
    Orc: D:9-12

Altars:
Ashenzari
Dithmenos
Elyvilon
Fedhas
Gozag
Hepliaklqana
Makhleb
Okawaru
Qazlal
Ru
Sif Muna
Trog
Wu Jian
Xom
Yredelemnul
The Shining One

Annotations:
D:3 exclusion: oklob plant
Lair:1 Gastronok


Innate Abilities, Weirdness & Mutations

You cannot wear boots.
Your serpentine skin is tough. (AC +3)
You have supernaturally acute eyesight. (SInv)
Armour fits poorly on your strangely shaped body.
Your system is resistant to poisons. (rPois)
You cover ground very slowly.
You have a slow metabolism.
You can spit poison.


Message History

The six-headed hydra is heavily wounded.
You block the six-headed hydra's attack.
The six-headed hydra bites you! x3
* * * LOW HITPOINT WARNING * * *
You block the six-headed hydra's attack.
The six-headed hydra closely misses you.
Unknown command.
As you read the scroll of fear, it crumbles to dust.
You assume a fearsome visage.
The six-headed hydra resists with almost no effort.
The six-headed hydra bites you!
* * * LOW HITPOINT WARNING * * *
The six-headed hydra bites you.
* * * LOW HITPOINT WARNING * * *
The six-headed hydra bites you!
* * * LOW HITPOINT WARNING * * *
The six-headed hydra bites you.
* * * LOW HITPOINT WARNING * * *
The six-headed hydra barely misses you. The six-headed hydra bites you.
You die...

........##
##........##
............
...........##
............#
#.#.#.#.#..#
..........##
.#.#.#.#.#..#
#......@...##
.#.#.#D#.####
.......<....#
.#.#.#.#.#...#
.........##...
#.#.#.#.#.# ..
#####.....P#
##### ##


You could see a six-headed hydra.

Vanquished Creatures
  Josephine (D:10)
  A hydra (Lair:1)
  Maurice (D:9)
  2 spiny frogs (Lair:1)
  2 trolls
  5 hippogriffs
  4 wraiths
  3 yaks (Lair:1)
  A spriggan (D:7)
  2 hungry ghosts
  Edmund (D:6)
  A warg (D:9)
  2 porcupines (Lair:1)
  2 water moccasins
  4 orc warriors
  A necrophage (D:10)
  3 ice beasts (D:9)
  2 sky beasts
  5 black bears
  6 phantoms
  6 ogres
  A wolf (D:9)
  3 centaurs
  2 crocodiles
  2 big kobolds (D:9)
  9 bullfrogs
  A scorpion (D:6)
  A water moccasin skeleton (D:6)
  A wyvern skeleton (D:7)
  4 killer bees (D:6)
  An electric eel (D:10)
  16 wights
  2 howler monkeys
  10 crimson imps
  A bullfrog zombie (D:6)
  4 hounds
  2 quasits (D:8)
  Crazy Yiuf (D:3)
  6 orc priests
  2 jellies
  11 orc wizards
  4 bullfrog skeletons
  2 iguanas
  5 worker ants
  A bullfrog simulacrum (D:9)
  A hound zombie (D:7)
  8 adders
  A gnoll (D:1)
  5 shadow imps
  2 worker ant simulacra (D:9)
  3 ufetubi (D:9)
  3 oozes
  An adder zombie (D:9)
  4 adder skeletons
  A dart slug (D:2)
  2 leopard geckos
  28 orcs
  3 giant cockroaches
  4 goblins
  5 hobgoblins
  4 jackals (D:2)
  3 quokkas
  2 ball pythons (D:4)
  6 bats
  4 frilled lizards
  A goblin skeleton (D:8)
  A goblin zombie (D:8)
  12 kobolds
  A kobold skeleton (D:8)
  A leopard gecko skeleton (D:7)
  3 orc skeletons (D:8)
  2 orc zombies (D:8)
  A quokka skeleton (D:9)
  2 quokka zombies
  9 rats
  A spectral orc (D:4)
271 creatures vanquished.

Vanquished Creatures (others)
  A plant (Lair:1)
1 creature vanquished.

Grand Total: 272 creatures vanquished

Notes
Turn   | Place    | Note
-------+----------+-------------------------------------------
     0 | D:1      | FlyingDodo the Naga Fighter began the quest for the Orb.
     0 | D:1      | Reached XP level 1. HP: 21/21 MP: 1/1
   159 | D:1      | Reached XP level 2. HP: 25/28 MP: 2/2
   652 | D:1      | Reached XP level 3. HP: 22/34 MP: 3/3
  1036 | D:1      | Reached skill level 1 in Short Blades
  1259 | D:2      | Noticed a phantom
  1442 | D:1      | Reached XP level 4. HP: 43/43 MP: 4/4
  1699 | D:2      | Found an opulent altar of Gozag.
  1891 | D:2      | Killed a phantom
  1891 | D:2      | Reached skill level 4 in Fighting
  1891 | D:2      | Reached XP level 5. HP: 6/50 MP: 5/5
  2239 | D:2      | Found a stormy altar of Qazlal.
  2621 | D:3      | Found a shadowy altar of Dithmenos.
  2640 | D:3      | Reached XP level 6. HP: 49/58 MP: 6/6
  2922 | D:3      | Found a blossoming altar of Fedhas.
  2940 | D:3      | Noticed an oklob plant
  3203 | D:3      | Found a runed door.
  3479 | D:3      | Noticed Crazy Yiuf
  3487 | D:3      | Killed Crazy Yiuf
  3630 | D:4      | Found a sacrificial altar of Ru.
  3698 | D:4      | Found a shimmering altar of Xom.
  3699 | D:4      | Found a burning altar of Makhleb.
  3757 | D:4      | Noticed a phantom
  3787 | D:4      | Killed a phantom
  3787 | D:4      | Reached skill level 5 in Short Blades
  4030 | D:4      | Reached skill level 5 in Fighting
  4030 | D:4      | Reached XP level 7. HP: 58/67 MP: 7/7
  4074 | D:4      | Found a white marble altar of Elyvilon.
  4075 | D:4      | Found a deep blue altar of Sif Muna.
  4221 | D:4      | Found a hazy altar of Hepliaklqana.
  4726 | D:4      | Found a basalt altar of Yredelemnul.
  4875 | D:5      | Entered Level 5 of the Dungeon
  5016 | D:5      | Reached XP level 8. HP: 65/76 MP: 8/8
  5079 | D:5      | Reached skill level 6 in Fighting
  5758 | D:6      | Found a burning altar of Makhleb.
  5774 | D:6      | Became a worshipper of Makhleb the Destroyer
  5979 | D:6      | Reached skill level 7 in Fighting
  5995 | D:6      | Reached XP level 9. HP: 83/86 MP: 9/9
  6010 | D:6      | Found a staircase to the Ecumenical Temple.
  6096 | D:6      | Noticed Edmund
  6124 | D:6      | Killed Edmund
  6301 | D:6      | Reached * piety under Makhleb
  6398 | D:6      | Found a bloodstained altar of Trog.
  6765 | D:7      | Reached skill level 5 in Shields
  6937 | D:7      | Reached skill level 5 in Armour
  6962 | D:7      | Reached skill level 8 in Fighting
  7650 | D:8      | Reached XP level 10. HP: 88/98 MP: 10/10
  8024 | D:8      | Found an ornate altar of the Wu Jian Council.
  8077 | D:8      | Reached ** piety under Makhleb
  8333 | D:9      | Paralysed by fainting for 8 turns
  8392 | D:9      | Found a staircase to the Lair.
  8407 | D:9      | Reached skill level 9 in Fighting
  8790 | D:9      | Noticed Maurice
  8830 | D:9      | Killed Maurice
  9640 | D:8      | Found an iron altar of Okawaru.
  9712 | D:8      | Found a glowing golden altar of the Shining One.
  9734 | D:8      | Reached *** piety under Makhleb
 10162 | D:8      | Found a shattered altar of Ashenzari.
 10447 | D:10     | Entered Level 10 of the Dungeon
 10570 | D:10     | Reached XP level 11. HP: 51/108 MP: 11/11
 10580 | D:10     | Reached skill level 10 in Fighting
 11003 | D:10     | Noticed Josephine
 11039 | D:10     | Killed Josephine
 11109 | D:10     | Reached **** piety under Makhleb
 11310 | D:10     | Noticed a death knight
 11312 | D:10     | Noticed a skeletal warrior
 11794 | Lair:1   | Entered Level 1 of the Lair of Beasts
 11803 | Lair:1   | Noticed a five-headed hydra
 11814 | Lair:1   | Killed a one-headed hydra
 12079 | Lair:1   | Noticed Gastronok
 12147 | Lair:1   | Reached skill level 1 in Long Blades
 12524 | Lair:1   | Reached skill level 11 in Fighting
 12591 | Lair:1   | Reached skill level 1 in Invocations
 12935 | Lair:2   | Noticed a seven-headed hydra
 12943 | Lair:2   | HP: 3/111 [six-headed hydra (6)]
 12943 | Lair:2   | Slain by a six-headed hydra

Vault maps used:
D:1:      dpeg_arrival_court
D:2:      nicolae_gozag_seed_capital, grunt_qazlal_sundering
D:3:      grunt_dithmenos_smoke, tgw_fedhas, uniq_crazy_yiuf_cottage
D:4:      black_bear_nest_2, grunt_temple_overflow_champion_of_chaos,
          yredelemnul_forgotten_temple_becter, kennysheep_mini_moat,
          kennysheep_mini, nicolae_overflow_hidden_temple
D:5:      first_bread
D:6:      trog_ov_bears_minmay, minmay_temple_entry_glassed_door,
          makhleb_heckhound_becter, uniq_edmund
D:7:      minivault_27, the_bakery
D:8:      nicolae_tso_besieged_by_evil, lemuel_round_altar,
          nicolae_overflow_crystal_walls, marbit_many_paths,
          hangedman_decor_push, grunt_decor_mini_mirrors, minmay_misc_feat_tiny
D:9:      erik_lair_orcish_takeover, serial_ice, serial_ice_b, serial_ice_e,
          serial_ice_m, serial_ice_n, serial_ice_o, uniq_maurice
D:10:     hive_lemuel, uniq_josephine
Lair:1:   serial_bayou_shore_b, uniq_gastronok
Lair:2:   st_stairs_9, serial_bayou_shore_b, uniq_fannar

Skill      XL: |  1  2  3  4  5  6  7  8  9 10 11 |
---------------+----------------------------------+-----
Short Blades   | 2 3 4 5 6 |  6.8
Fighting       | 4 5 7 8 9 11 | 11.0
Armour         | 4 5 7 8 |  8.1
Shields        | 4 5 7 8 |  8.4
Long Blades    | 2 |  2.2
Invocations    | 1 |  1.5
Maces & Flails | |  2.7

Action                   |  1- 3 |  4- 6 |  7- 9 | 10-12 || total
-------------------------+-------+-------+-------+-------++-------
Melee: Flail             |    39 |    20 |       |       ||    59
       Short sword       |    26 |   183 |   418 |   306 ||   933
       Dagger            |       |       |       |   490 ||   490
       Falchion          |       |       |       |    81 ||    81
Throw: Stone             |       |       |     1 |     8 ||     9
Invok: Minor Destruction |       |       |       |     1 ||     1
 Abil: Spit Poison       |     7 |     7 |    43 |    39 ||    96
Evoke: Wand              |       |       |       |     7 ||     7
  Use: Potion            |     1 |     1 |       |    12 ||    14
       Scroll            |       |     7 |     1 |    19 ||    27
  Eat: Chunk             |     1 |     3 |    13 |       ||    17
       Bread ration      |       |     1 |       |     6 ||     7
Armor: Scale mail        |    40 |   100 |   156 |   489 ||   785
       Skin              |       |       |       |    13 ||    13
Dodge: Dodged            |    28 |    40 |    75 |   205 ||   348
Block: Shield            |    52 |    82 |   146 |   477 ||   757
       Rpst.: Falchion   |       |       |       |     2 ||     2

Table legend:
 A = Spawn XP
 B = Non-spawn XP
 C = Spawn XP percentage of total XP
 D = Spawn monster count
 E = Non-spawn monster count
 F = Spawn count percentage of total count
 G = Total turns spent on level
                    A         B        C        D         E        F      G
               +---------+---------+-------+---------+---------+-------+---------
         Total |       0 |   17294 |   0.0 |       0 |     271 |   0.0 | 12943
               +---------+---------+-------+---------+---------+-------+---------
           D:1 |       0 |      79 |   0.0 |       0 |      14 |   0.0 |  1554
           D:2 |       0 |     225 |   0.0 |       0 |      24 |   0.0 |  1024
           D:3 |       0 |     129 |   0.0 |       0 |      19 |   0.0 |  1019
           D:4 |       0 |     493 |   0.0 |       0 |      15 |   0.0 |  1292
           D:5 |       0 |     821 |   0.0 |       0 |      16 |   0.0 |   759
           D:6 |       0 |    1648 |   0.0 |       0 |      34 |   0.0 |   878
           D:7 |       0 |    1111 |   0.0 |       0 |      17 |   0.0 |  1070
           D:8 |       0 |    1398 |   0.0 |       0 |      30 |   0.0 |  1335
           D:9 |       0 |    3259 |   0.0 |       0 |      44 |   0.0 |  1612
          D:10 |       0 |    4518 |   0.0 |       0 |      44 |   0.0 |  1251
        Lair:1 |       0 |    3613 |   0.0 |       0 |      14 |   0.0 |   859
               +---------+---------+-------+---------+---------+-------+---------
